Map: Central Protocol

Players

Novawulfen

  • Race: Terran Terran
  • League: Gold

Doji - Winner!

  • Race: Protoss Protoss
  • League: Silver

VOD

Have the link to the VOD?

Description

Time

  • Played on: Nov. 15, 2015, 7:38 a.m.
  • Length: 16:19
Show
View Real Time Build Order
Export as new Build Order

Novawulfen Terran 

Build Orders: MMM Bio 

Get SALT Encoding   

  12  0:01  SCV  
  13  0:13  SCV  
  14  0:19  Supply Depot  
  14  0:25  SCV  
  15  0:41  SCV  
  16  0:51  Refinery, Barracks  
  16  0:53  SCV  
  17  1:06  SCV  
  18  1:18  SCV  
  19  1:30  SCV  
  20  1:38  Reaper  
  21  1:43  Orbital Command  
  21  2:04  Command Center  
  21  2:09  SCV  
  21  2:11  Barracks  
  23  2:16  Barracks Tech Lab  
  23  2:21  SCV  
  23  2:27  Barracks  
  23  2:36  Stimpack  
  23  2:41  Supply Depot  
  23  3:03  SCV, Marine  
  23  3:05  Marine  
  26  3:15  SCV, Barracks Reactor  
  26  3:25  Reaper  
  28  3:29  Orbital Command  
  28  3:33  SCV  
  28  3:35  Marine  
  29  3:45  Bunker  
  29  3:48  SCV  
  30  3:52  Command Center  
  30  3:53  Barracks Tech Lab, Marine x2  
  32  3:55  SCV  
  33  4:03  SCV  
  33  4:04  Marauder  
  36  4:14  Supply Depot  
  36  4:16  Supply Depot, SCV  
  38  4:17  SCV, Marine  
  38  4:18  Marauder  
  38  4:22  Combat Shields  
  41  4:28  Marine  
  41  4:29  SCV  
  43  4:38  SCV, Marine  
  44  4:39  Marauder x2  
  49  4:48  Marine  
  49  4:54  Refinery  
  49  4:55  SCV x2  
  51  5:00  Supply Depot, Marauder  
  51  5:02  Refinery  
  53  5:16  Engineering Bay  
  53  5:18  Engineering Bay  
  53  5:25  SCV x2, Marauder, Marine x2  
  53  5:26  Marauder  
  61  5:35  Orbital Command  
  61  5:42  Terran Infantry Weapons Level 1  
  61  5:43  Marine  
  61  5:46  Terran Infantry Armor Level 1  
  62  6:04  Marine x4  
  64  6:22  Marine  
  65  6:25  Missile Turret  
  65  6:30  Factory  
  65  6:34  Missile Turret  
  65  6:35  Missile Turret  
  65  6:38  Missile Turret  
  65  6:39  Marauder x2, Marine x2  
  70  6:42  SCV  
  70  6:43  SCV x2  
  70  6:44  Missile Turret  
  74  6:55  SCV x3  
  74  6:57  Marine  
  78  7:05  Marine, Marauder x2  
  83  7:11  Barracks  
  83  7:13  Barracks x2  
  83  7:15  Starport  
  83  7:16  Factory Reactor  
  83  7:21  SCV  
  83  7:22  SCV, Refinery  
  85  7:29  Supply Depot x2  
  85  7:35  Concussive Shells  
  85  7:50  Marine x2  
  85  7:51  Marauder x2  
  91  8:06  Orbital Command  
  91  8:11  Marine x2  
  91  8:12  Barracks Reactor, Barracks Tech Lab x2, Marauder  
  95  8:14  Medivac x2  
  95  8:15  Marine  
  100  8:20  Barracks  
  100  8:21  Barracks  
  100  8:22  Barracks  
  93  8:29  Marine x2  
  79  8:41  Marauder x2, Marine x2  
  74  8:46  SCV x3  
  74  8:47  Marine  
  74  8:54  Marine x3  
  74  8:55  Medivac x2  
  75  8:57  Factory Tech Lab  
  75  8:58  SCV  
  75  8:59  Marauder  
  75  9:02  Supply Depot  
  80  9:03  SCV x2, Marine  
  80  9:04  Marauder x2  
  80  9:05  Supply Depot, Marine  
  80  9:09  Armory  
  88  9:15  SCV x2  
  88  9:16  SCV  
  91  9:25  Barracks Reactor x2  
  91  9:27  Barracks Reactor  
  91  9:38  Orbital Command  
  86  9:57  Marine x2  
  86  9:58  Marauder x4, Marine x2  
  96  10:02  SCV x2  
  96  10:03  SCV  
  96  10:07  Medivac x2  
  103  10:14  SCV x2  
  103  10:15  SCV, Marine x2  
  103  10:16  Marine x2  
  103  10:19  Marauder x2  
  103  10:20  Marauder  
  110  10:32  Marauder  
  110  10:33  Marine x3  
  105  10:41  Marauder x3  
  111  10:45  Marine  
  111  10:47  Viking x2  
  116  10:51  Terran Infantry Armor Level 2, Marine  
  116  10:52  Terran Infantry Weapons Level 2  
  117  11:02  Supply Depot  
  117  11:05  Supply Depot  
  117  11:23  SCV x3, Marine  
  117  11:24  Marauder x2  
  125  11:26  Marine x3  
  125  11:27  Marauder x2  
  125  11:31  Refinery  
  132  11:34  Refinery  
  132  11:36  SCV  
  133  11:53  Supply Depot  
  133  11:54  Supply Depot  
  133  11:55  Supply Depot  
  133  11:56  Supply Depot  
  133  11:57  Supply Depot, Barracks  
  133  11:58  Supply Depot  
  133  12:13  Marine  
  133  12:15  Marauder x2, Marine x3  
  140  12:16  Marauder x2  
  142  12:31  Marine  
  142  12:32  Marine x3  
  142  12:37  Marauder x4  
  147  12:42  Viking x2  
  153  12:48  Marine  
  153  12:50  Marine x2  
  152  12:54  Marine  
  152  12:58  Marauder x4  
  159  13:06  Marine  
  159  13:12  Marine x3  
  157  13:14  Medivac x2  
  157  13:19  Marauder x2  
  169  13:20  Marauder x2  
  152  13:35  Marine x3  
  152  13:39  Marine  
  152  13:41  Marauder x4  
  162  13:52  Marine, Medivac x2  
  158  14:02  Marauder  
  160  14:04  Command Center  
  138  14:15  Marauder x3, Marine x4  
  126  14:23  Marauder  
  92  14:33  Medivac x2, Marine x4  
  92  14:37  Marine x3, Marauder x3  
  92  14:38  Marine  
  103  14:45  Marauder  
  106  14:50  Widow Mine  
  106  14:53  Starport, Marine x2  
  106  14:58  Marauder x2  
  112  15:01  Marine x2  
  112  15:02  Marine x3  
  117  15:08  SCV x2  
  117  15:09  SCV  
  117  15:12  Marine x4  
  124  15:16  Marine  
  124  15:17  Marine x2  
  124  15:19  Marine x2  
  129  15:45  Marauder x2, Marine x3  
  129  15:46  Marauder  
  129  15:47  Marine x2  
  129  15:48  Marauder, Marine x5  
Show
View Real Time Build Order
Export as new Build Order

Doji Protoss - Winner!

Build Orders:  

Get SALT Encoding   

  12  0:01  Probe (Chrono Boost)  
  13  0:11  Probe (Chrono Boost)  
  14  0:22  Probe (Chrono Boost), Pylon  
  15  0:40  Probe (Chrono Boost)  
  16  0:45  Gateway  
  16  0:50  Probe (Chrono Boost)  
  16  0:51  Assimilator  
  17  1:01  Probe (Chrono Boost)  
  17  1:02  Pylon  
  18  1:11  Probe (Chrono Boost)  
  19  1:22  Probe (Chrono Boost)  
  21  1:33  Probe (Chrono Boost)  
  21  1:37  Cybernetics Core  
  21  1:38  Zealot  
  23  1:43  Probe (Chrono Boost)  
  24  1:54  Probe (Chrono Boost)  
  25  2:01  Assimilator  
  25  2:04  Pylon  
  25  2:07  Probe (Chrono Boost)  
  25  2:18  Mothership Core (Chrono Boost), Warp Gate  
  27  2:29  Nexus  
  27  2:38  Probe (Chrono Boost)  
  27  2:42  Stalker  
  30  2:57  Robotics Facility  
  30  3:04  Probe (Chrono Boost)  
  31  3:10  Gateway  
  31  3:22  Probe (Chrono Boost)  
  32  3:29  Pylon  
  32  3:40  Gateway  
  32  3:45  Observer  
  33  3:55  Gateway  
  33  3:59  Probe x2 (Chrono Boost)  
  35  4:06  Assimilator  
  35  4:10  Warp Prism, Assimilator  
  37  4:19  Probe (Chrono Boost)  
  38  4:24  Stalker x2  
  38  4:28  Probe (Chrono Boost)  
  43  4:46  Probe x2 (Chrono Boost)  
  43  4:51  Adept x2  
  49  4:56  Immortal  
  49  4:59  Probe (Chrono Boost)  
  54  5:03  Probe (Chrono Boost)  
  54  5:04  Pylon  
  55  5:09  Probe (Chrono Boost)  
  56  5:15  Probe (Chrono Boost)  
  56  5:20  Probe (Chrono Boost)  
  58  5:24  Gateway  
  58  5:25  Probe (Chrono Boost)  
  58  5:26  Gateway  
  59  5:29  Forge  
  59  5:38  Probe x2 (Chrono Boost)  
  59  5:40  Sentry x3  
  67  5:49  Probe x2 (Chrono Boost)  
  69  5:59  Probe (Chrono Boost)  
  69  6:01  Robotics Bay  
  70  6:17  Probe (Chrono Boost)  
  67  6:20  Stalker  
  67  6:23  Probe (Chrono Boost)  
  70  6:27  Pylon  
  70  6:29  Pylon  
  70  6:44  Probe (Chrono Boost)  
  70  6:45  Probe (Chrono Boost)  
  71  6:47  Colossus  
  71  6:49  Extended Thermal Lance, Pylon  
  71  6:50  Protoss Ground Weapons Level 1 (Chrono Boost)  
  71  6:54  Probe  
  77  6:56  Probe  
  77  6:57  Pylon  
  77  6:59  Zealot x2  
  77  7:00  Zealot, Pylon  
  85  7:04  Probe  
  85  7:07  Twilight Council  
  86  7:09  Pylon  
  86  7:12  Sentry x2  
  90  7:25  Nexus  
  90  7:40  Stalker x3  
  90  7:41  Stalker  
  90  7:42  Probe  
  100  7:44  Probe  
  100  7:45  Charge  
  100  7:53  Photon Cannon  
  100  7:56  Probe, Assimilator  
  101  8:06  Colossus  
  101  8:12  Pylon  
  91  8:35  Zealot x2  
  91  8:36  Zealot x2  
  91  8:37  Zealot  
  91  8:39  Probe x2  
  91  8:41  Probe  
  90  8:59  Colossus, Pylon  
  90  9:00  Stalker x3  
  90  9:01  Stalker x2  
  106  9:08  Pylon  
  106  9:11  Templar Archives  
  106  9:22  Zealot  
  106  9:24  Zealot x3  
  110  9:25  Zealot  
  116  9:32  Zealot  
  116  9:33  Probe  
  116  9:35  Probe  
  116  9:37  Assimilator  
  120  9:39  Probe  
  120  9:44  Probe  
  122  9:47  Probe  
  123  9:57  Sentry x2  
  123  9:58  Sentry x2  
  123  9:59  Colossus  
  121  10:02  Pylon  
  121  10:06  Zealot  
  129  10:07  Zealot  
  129  10:14  Protoss Ground Armor Level 1 (Chrono Boost)  
  131  10:27  Stalker x5  
  141  10:35  Stalker  
  143  10:40  Blink  
  143  10:54  Nexus  
  143  10:58  Pylon  
  143  11:00  Photon Cannon x2  
  143  11:03  High Templar x3  
  143  11:04  High Templar  
  151  11:18  Pylon  
  150  11:21  Archon  
  150  11:22  Pylon, Archon  
  150  11:24  High Templar  
  152  11:27  High Templar  
  154  11:38  Pylon  
  154  11:41  Gateway  
  154  11:42  Gateway  
  154  11:43  Pylon  
  154  11:46  Pylon  
  154  11:49  Photon Cannon  
  154  11:52  Gateway  
  154  11:57  Probe  
  154  11:59  Probe  
  154  12:27  Probe x2  
  154  12:29  Probe  
  155  12:31  Probe  
  155  12:32  Assimilator  
  155  12:33  Assimilator  
  150  12:37  Probe  
  150  12:38  Probe  
  150  12:41  Probe  
  150  12:43  Stalker  
  150  12:44  Stalker x4  
  157  12:45  Stalker  
  157  12:51  Templar Archives  
  165  12:56  Pylon  
  165  12:58  Stalker, Pylon  
  164  12:59  Stalker  
  168  13:25  Stalker x3  
  168  13:26  Stalker x2  
  178  13:42  Colossus  
  178  13:43  Robotics Facility  
  178  13:45  Robotics Facility  
  178  13:51  Photon Cannon  
  178  13:54  Pylon  
  178  13:57  Pylon  
  118  14:20  Zealot x8  
  110  14:43  Immortal x2 (Chrono Boost)  
  118  14:46  Robotics Bay  
  118  14:51  Gateway  
  118  14:54  Gateway  
  118  14:55  Gateway  
  118  14:57  Gateway  
  118  15:00  Stalker x6  
  118  15:01  Stalker x2  
  146  15:39  Zealot x6  
  146  15:40  Zealot x2  
  162  15:44  Pylon  
Tags
 
Add a new tag
Caveats
  • Supply blocks, unpowered buildings, or Contaminate may cause inaccurate times.
  • Supply counts are checked every 10 seconds.